 Dungeon Crawl Stone Soup version 0.21-a0-110-g8e1637b (webtiles) character file.

56 sagitran the Skirmisher (level 3, 0/30 HPs)
             Began as a Demonspawn Abyssal Knight on July 10, 2017.
             Was a Believer of Lugonu.
             Slain by a worm (7 damage)
             ... on level 2 of the Dungeon.
             The game lasted 00:10:08 (1861 turns).

sagitran the Skirmisher (Demonspawn Abyssal Knight) Turns: 1861, Time: 00:10:09

Health: 0/30       AC:  5    Str: 13      XL:     3   Next: 71%
Magic:  4/4        EV: 11    Int: 11 (13) God:    Lugonu [**....]
Gold:   128        SH:  0    Dex: 10 (14) Spells: 2/2 levels left

rFire    + . .     SeeInvis .   l - -3 spear (curse)
rCold    + . .     Gourm    .   (no shield)
rNeg     . . .     Faith    .   b - +0 leather armour
rPois    .         Spirit   .   (no helmet)
rElec    .         Reflect  .   d - scarf {rC+ rF+}
rCorr    .         Harm     .   (no gloves)
MR       .....     Clarity  +   (no boots)
Stlth    +.........             (no amulet)
HPRegen  0.10/turn              m - ring of flight
MPRegen  0.09/turn              (no ring)

@: no status effects
A: slimy green scales 1, agile 1, clarity, deterioration 1
a: Depart the Abyss, Bend Space, Renounce Religion, Evoke Flight


You were on level 2 of the Dungeon.
You worshipped Lugonu.
Lugonu was pleased with you.
You were not hungry.

You visited 1 branch of the dungeon, and saw 3 of its levels.
You visited the Abyss 1 time.

You collected 128 gold pieces.

Inventory:

Hand Weapons
 a - a +1 falchion
 l - a cursed -3 spear (weapon)
Missiles
 g - 74 stones (quivered)
Armour
 b - a +0 leather armour (worn)
 d - a scarf of resistance (worn)
Jewellery
 m - a ring of flight (left hand)
Scrolls
 e - 2 scrolls of magic mapping
 i - a scroll of teleportation
Potions
 c - a potion of ambrosia
 f - a potion of heal wounds
 h - a potion of curing
 j - a potion of flight {unknown}
 k - a potion of berserk rage


   Skills:
 + Level 3.7 Fighting
 + Level 2.4 Long Blades
 + Level 0.6 Polearms
 + Level 0.1 Throwing
 + Level 2.2 Armour
 + Level 1.0 Dodging
 + Level 2.4 Invocations


You had 2 spell levels left.
You didn't know any spells.

Dungeon Overview and Level Annotations

Branches:
Dungeon (3/15)

Altars:


Innate Abilities, Weirdness & Mutations

You are partially covered in slimy green scales. (AC +2)
You are agile. (Dex +2)
You possess an exceptional clarity of mind.
Your body sometimes deteriorates upon taking damage.


Message History

The worm is moderately wounded.
The worm closely misses you.
You hit the worm.
The worm is heavily wounded.
You hit the worm but do no damage.
The worm is heavily wounded.
The worm bites you!
You hit the worm but do no damage.
The worm is heavily wounded.
The worm closely misses you.
You hit the worm but do no damage.
The worm is heavily wounded.
You hit the worm but do no damage.
The worm is heavily wounded.
The worm bites you!
* * * LOW HITPOINT WARNING * * *
You hit the worm but do no damage.
The worm is moderately wounded.
The worm bites you!
You die...

...# ........# #### #.#
#........# ########## #.#
#........# .........# #.#
#........#
.<.......######'###........#
.))......##.........##.....#
.........##.........##.....#
.........##.........##.....#
.........##.....@w..'......#
.........##.........########
..<......##.........#
...).....##.........#
.##########.........# .#
#....>....# .# #.....)...#
.# ########### .


You could see a worm.

Vanquished Creatures
  4 dart slugs (D:1)
  3 leopard geckos
  An orc (D:3)
  A giant cockroach (D:1)
  7 goblins
  8 hobgoblins
  4 jackals
  2 bats (D:1)
  A frilled lizard (D:1)
  4 kobolds
  4 rats
39 creatures vanquished.

Notes
Turn   | Place    | Note
-------+----------+-------------------------------------------
     0 | Abyss:1  | sagitran the Demonspawn Abyssal Knight began the quest for the Orb.
     0 | Abyss:1  | Reached XP level 1. HP: 18/18 MP: 2/2
    89 | D:1      | Escaped the Abyss
   183 | D:1      | Gained mutation: You are agile. (Dex +2) [potion of mutation]
   183 | D:1      | Gained mutation: Your body sometimes deteriorates upon taking damage. [potion of mutation]
   183 | D:1      | Gained mutation: You possess an exceptional clarity of mind. [potion of mutation]
   187 | D:1      | Reached skill level 1 in Dodging
   403 | D:1      | Gained mutation: You are partially covered in slimy green scales. (AC +2) [demonic ancestry]
   403 | D:1      | Reached XP level 2. HP: 24/24 MP: 3/3
   638 | D:1      | Reached ** piety under Lugonu
   697 | D:1      | Reached XP level 3. HP: 26/29 MP: 4/4
  1861 | D:2      | Slain by a worm

Vault maps used:
D:1:      saegor_arrival_simple_b
D:3:      lemuel_blue_sif_altar, trog_wizard

Skill      XL: |  1  2 |
---------------+-------+-----
Dodging        | 1 |  1.0
Armour         | 2 |  2.2
Long Blades    | 2 |  2.4
Fighting       | |  3.7
Polearms       | |  0.6
Throwing       | |  0.1
Invocations    | |  2.4

Action                   || total
-------------------------++-------
Melee: Falchion          ||    63
       Spear             ||   168
Throw: Stone             ||    10
  Use: Potion            ||     2
       Scroll            ||     5
  Eat: Bread ration      ||     1
       Chunk             ||     1
Armor: Leather armour    ||    80
Dodge: Dodged            ||   144
       Rpst.: Falchion   ||    17
